cohdb
Replays
Latest Replays
All Replays
Popular Replays
Top Player Replays
Match Explorer
How It Works
Community
CoH3 Stats
Reddit
Sign in to upload your games and track your stats! →
Sign in with Steam
USF Armor v Wehr
Match 8553246
Overview
Messages
Build Orders
End
Construct Infanterie Kompanie
Grenadier Squad
MG 42 Machine Gun Team
Selects Mechanized Battlegroup
MG 42 Machine Gun Team
Medical Station
Grenadier Squad
Grenadier Squad
MG 42 Machine Gun Team
Construct Luftwaffe Kompanie
Support Elements
Wirbelwind Flakpanzer
Selects Spotting Scopes
Marder III M Tank Destroyer
Marder III M Tank Destroyer
Selects Zeroing Artillery Barrage
Zeroing Artillery Barrage
Selects Raid Package
Selects 8 Rad Armored Car
8 Rad Armored Car
Jäger Squad
Construct Panzer Kompanie
MG 42 Bunker
Panzer IV Medium Tank
carltonscott
ßoo
0
0
Comments
sign in to comment!
No comments posted yet!